 Dungeon Crawl Stone Soup version 0.29-a0-330-g52719c12eb (webtiles) character file.

Game seed: 2800060768319543212

93318 Leszczynek the Fighter (level 14, -13/96 (112) HPs)
             Began as a Djinni Wanderer on Apr 22, 2022.
             Was the Champion of Ru.
             Mangled by a skeletal warrior
             ... wielding a +0 battleaxe
             ... led by a skeletal warrior
              (17 damage)
             ... on level 14 of the Dungeon.
             The game lasted 02:47:00 (28004 turns).

Leszczynek the Fighter (Djinni Wanderer)           Turns: 28004, Time: 02:47:01

HP:   -13/96 (112)  AC:  7    Str: 12    XL:     14   Next: 56%
Gold: 384           EV: 21    Int: 15    God:    Ru [******] SH:  6 Dex: 22

rFire   + + +      SeeInvis +   b - +3 scimitar (flame)
rCold   . . .      Faith    .   o - +0 buckler
rNeg    . . .      Spirit   .   L - +0 troll leather armour
rPois   ∞          Reflect  .   O - +1 helmet
rElec   .          Harm     .   g - +0 cloak {rF+}
rCorr   .          Rampage  .   (no gloves)
Will    ++...                   (boots unavailable)
Stlth   ++........              v - amulet of regeneration
HPRegen 1.86/turn               C - ring "Fitobloa" {Fly Will+ Dex+4}
MPRegen 0.00/turn               K - ring of the Quiescent Eggfruit {rC+ Str+2 SInv}

@: exhausted, on berserk cooldown, flying, slowed, studying Fighting, heavily
drained, unable to drink, very slow
A: sickness immunity, fire resistance 2, no potion heal 1, cold vulnerability 1,
inability to drink while threatened, inability to use devices, hated by all,
inexperienced 1, float, innate caster, HP casting, extra vitality 1
a: Renounce Religion, Draw Out Power, Power Leap, Apocalypse


You were on level 14 of the Dungeon.
You worshipped Ru.
Ru was exalted by your worship.
You visited 4 branches of the dungeon, and saw 24 of its levels.
You also visited: Ossuary, Bailey, Gauntlet and Volcano.

You collected 3057 gold pieces.
You spent 2673 gold pieces at shops.

Inventory:

Hand Weapons
 a - a +2 vorpal scimitar
 b - a +3 scimitar of flaming (weapon)
 x - a +2 flail of protection
Missiles
 f - 3 datura-tipped darts
 p - 4 javelins
 D - 17 boomerangs (quivered)
 M - 5 curare-tipped darts
 R - 4 silver javelins
Armour
 c - a +2 robe of willpower
 g - a +0 cloak of fire resistance (worn)
 o - a +0 buckler (worn)
 u - +0 ice dragon scales
 A - a +1 cloak
 L - a +0 troll leather armour (worn)
 O - a +1 helmet (worn)
Jewellery
 v - an amulet of regeneration (around neck)
 w - a +4 ring of protection
 C - the ring "Fitobloa" (left hand) {Fly Will+ Dex+4}
   (You found it in a Gauntlet)

   [ring of flight]

   Dex:       It affects your dexterity (+4).
   Fly:       It grants you flight.
   Will:      It increases your willpower.
 K - the ring of the Quiescent Eggfruit (right hand) {rC+ Str+2 SInv}
   (You bought it in a shop on level 2 of the Orcish Mines)

   [ring of protection from cold]

   Str:       It affects your strength (+2).
   rC:        It protects you from cold.
   SInv:      It lets you see invisible.
 P - the ring of Xirpharu {rF+ Str+6 Dex-2}
   (You found it in a Gauntlet)

   [ring of protection from fire]

   Str:       It affects your strength (+6).
   Dex:       It affects your dexterity (-2).
   rF:        It protects you from fire.
Scrolls
 i - 10 scrolls of teleportation
 k - 5 scrolls of magic mapping
 l - 5 scrolls of immolation {!r}
 r - 5 scrolls of blinking
 z - 2 scrolls of fog
 B - 11 scrolls of identify {@r1}
 F - 2 scrolls of vulnerability {!r}
 I - 2 scrolls of enchant weapon
 J - a scroll of torment {!r}
Potions
 d - 4 potions of haste
 e - 2 potions of invisibility
 h - 4 potions of mutation {!q}
 j - 2 potions of might
 m - 11 potions of curing {@q1}
 n - a potion of berserk rage {!q}
 q - 5 potions of heal wounds {@q2}
 s - 4 potions of brilliance
 t - a potion of resistance
 E - 3 potions of lignification {!q}
 G - 5 potions of cancellation
 H - 2 potions of attraction


   Skills:
 + Level 14.9 Fighting
 - Level 0.9(9.0) Short Blades
 - Level 13.9(14.0) Long Blades
 + Level 8.1 Throwing
 + Level 13.1 Dodging
 - Level 1.0 Stealth
 - Level 4.0 Shields
 - Level 4.0 Unarmed Combat
 + Level 10.6 Spellcasting


You had 12 spell levels left.
You knew the following spells:

 Your Spells              Type           Power      Damage    Failure   Level
a - Ozocubu's Armour      Ice            39%        N/A       1%          3
b - Freeze                Ice            100%       1d11      1%          1
c - Beastly Appendage     Tmut           78%        N/A       1%          1
d - Passwall              Tmut/Erth      32%        N/A       1%          2
e - Inner Flame           Hex/Fire       39%        N/A       1%          3
f - Summon Guardian Gole  Hex/Summ       39%        N/A       1%          3
g - Passage of Golubria   Tloc           39%        N/A       1%          4
h - Summon Forest         Summ/Tloc      19%        N/A       5%          5

Your spell library contained the following spells:

 Spells                   Type           Power      Damage    Failure   Level


Dungeon Overview and Level Annotations

Branches:
Dungeon (15/15)            Temple (0/1) D:7            Lair (6/6) D:10
 Shoals (0/4) Lair:2        Snake (0/4) Lair:3        Slime (1/5) Lair:5
    Orc (2/2) D:11            Elf (0/3) Orc:2        Vaults (0/5) D:14
Ossuary (visited)          Bailey (visited)         Volcano (visited)
Gauntlet (visited)
 Depths: D:15

Altars:
Ashenzari
Cheibriados
Gozag
Makhleb
Okawaru
Ru
Uskayaw
Xom
Zin
The Shining One
Beogh

Shops:
D:3 [   Orc:1 =   Orc:2 (*[=*

Annotations:
D:3 Natasha
D:4 Pikel
D:9 Erolcha
D:12 3 runed translucent doors (super high EV ghost, ego buckler and scarf), Ajdolov's ghost, journeyman TeHu
Lair:1 exclusions: hydra and komodo dragon
Lair:2 exclusion: 2 rime drakes
Lair:3 exclusion: oklob plant
Lair:4 1 runed translucent door, Mopsi's ghost, journeyman DsBe
Lair:6 exclusion: hydra
Orc:2 1 runed translucent door, Zearer's ghost, journeyman DsGl


Innate Abilities, Weirdness & Mutations

You are immune to sickness and miasma.
You are immune to poison.
Your flesh is very heat resistant. (rF++)
Potions are less effective at restoring your health.
You are vulnerable to cold. (rC-)
You sometimes lose the ability to drink potions when taking damage.
You cannot study or use magical devices.
You are hated by all.
You are somewhat inexperienced. (-2 XL)
You float through the air rather than walking.
You learn spells naturally, not from books.
Your magical power is your life essence.
You have superior vitality. (+4 MHP)


Message History

You hit the skeletal warrior but do no damage.
The skeletal warrior is severely damaged.
You redirect the skeletal warrior's attack!
The skeletal warrior hits the skeletal warrior but does no damage.
You slice the skeletal warrior!! You burn the skeletal warrior.
You destroy the skeletal warrior!
You are no longer berserk.
You are exhausted.
You feel yourself slow down.
The skeletal warrior closely misses you.
Items here: $ ( ) ? [.
Unknown command.
Activating: Apocalypse
Press: ? - help, Dir - look around, f - activate
Okay, then.
Activating: Apocalypse
Press: ? - help, Dir - look around, f - activate You reveal the great annihilating truth to your foes!
The very large slime creature slows down under the weight of truth!
The skeletal warrior slows down under the weight of truth! x2
You feel drained.
The very large slime creature hits you!!
You feel threatened and lose the ability to drink potions!
The skeletal warrior closely misses you.
The skeletal warrior hits you with a +0 battleaxe!
* * * LOW HITPOINT WARNING * * *
Unknown command.
You hit the skeletal warrior but do no damage.
The skeletal warrior is almost destroyed.
The very large slime creature hits you!!
* * * LOW HITPOINT WARNING * * *
You focus your inner power and blind the very large slime creature in retribution!
You redirect the skeletal warrior's attack!
The skeletal warrior hits itself with a +0 war axe.
You cannot drink potions in your current state!
As you read the scroll of fear, it crumbles to dust.
You assume a fearsome visage.
The skeletal warrior is unaffected. x2
The very large slime creature looks frightened!
The skeletal warrior hits you with a +0 battleaxe!
You die...

#####.:########
............... ..
######..#############.#
.....#..# .. #.......#
...(†#..##.##.#.......#
####.#(.......#.......##.
#.∩#)#..##.####..........
#..#.......# #.zz....#
#..#....########@J....#
##'#....# #..#.######
...#.#..#####..#)####
####.#.........#....#
..................#...c.
##........#####...# ##..
........#.#.........#
###.#.###.#.###...###
#.#.# #.# #...#


You could see 2 skeletal warriors and a very large slime creature (blind,
fleeing, slow).

Vanquished Creatures
  Rupert (Orc:2)
  2 orc warlords
  A reaper (Gauntlet)
  A minotaur (Gauntlet)
  Azrael (D:14)
  Snorg (D:14)
  A fire dragon (D:13)
  3 boulder beetles
  4 hydras
  An ice dragon (D:14)
  6 centaur warriors
  A catoblepas (D:13)
  10 two-headed ogres
  Urug (Orc:2)
  A hell hog (Volcano)
  An orc high priest (Orc:2)
  Sonja (D:11)
  2 fire crabs
  3 skeletal warriors
  A shadow wraith (D:14)
  Lodul (D:11)
  A glowing orange brain (Gauntlet)
  7 orc sorcerers
  3 deep elf pyromancers
  3 orc knights (Orc:2)
  4 manticores
  4 ugly things
  9 cyclopes
  15 elephants
  Joseph (D:7)
  3 black mambas
  5 gargoyles
  An unseen horror (D:12)
  12 cane toads
  A rime drake (Lair:5)
  A kobold demonologist (D:9)
  4 yaktaurs (D:15)
  11 komodo dragons
  A hellwing (Gauntlet)
  5 polar bears
  10 trolls
  5 hornets (Lair:6)
  A slime creature (D:14)
  A blink frog (shapeshifter) (D:14)
  A wind drake (Lair:2)
  16 blink frogs
  A dream sheep (Lair:6)
  A large abomination (Gauntlet)
  6 small abominations (Gauntlet)
  9 spriggans (Lair:6)
  55 yaks
  A wyvern (D:9)
  2 wraiths
  A vampire (D:13)
  2 fire elementals (D:14)
  A human (shapeshifter) (D:14)
  5 basilisks
  Grum (D:11)
  12 fire bats (Volcano)
  18 vampire mosquitoes
  8 nagas (Lair:3)
  11 wargs
  Duvessa (D:5)
  11 water moccasins
  An acid dragon (D:11)
  5 hell hounds
  5 black bears
  26 orc warriors
  12 ogres
  5 boggarts
  26 wolves
  8 centaurs
  3 lemures
  2 kobold brigands
  A necrophage (D:6)
  9 bullfrogs
  2 gnoll sergeants
  2 scorpions
  Dowan (D:5)
  4 killer bees (D:9)
  The ghost of kae the Firebug, a weakling DgFE (D:3)
  4 howler monkeys
  An electric eel (Lair:2)
  7 lava snakes (Volcano)
  21 orc priests
  5 hounds
  Jessica (D:3)
  3 iguanas
  17 orc wizards
  2 mummies
  5 adders
  3 gnolls (D:13)
  7 river rats (D:5)
  3 shadow imps
  4 worms (D:2)
  3 dart slugs
  74 orcs
  3 ball pythons
  9 bats
  5 endoplasms
  4 giant cockroaches
  12 goblins
  11 hobgoblins
  8 quokkas
  3 frilled lizards
  5 gnoll skeletons (Ossuary)
  A hobgoblin zombie (D:6)
  15 kobolds
  7 kobold skeletons (Ossuary)
  2 kobold zombies (D:6)
  13 orc skeletons (Ossuary)
  An orc zombie (D:6)
  18 rats
705 creatures vanquished.

Vanquished Creatures (others)
  4 hydras
  An ugly thing (D:14)
  A komodo dragon (Lair:3)
  A yaktaur (D:15)
  A wyvern (Lair:3)
  4 yaks
  A steam dragon (Volcano)
  A black bear (Lair:6)
  An ogre (Orc:2)
  A hound (D:7)
  A gnoll (D:13)
  An orc (D:14)
  5 bushes (Lair:6)
  27 demonic plants (Gauntlet)
  76 fungi
  94 plants
220 creatures vanquished.

Grand Total: 925 creatures vanquished

Notes
Turn   | Place    | Note
-------+----------+-------------------------------------------
     0 | D:1      | Leszczynek the Djinni Wanderer began the quest for the Orb.
     0 | D:1      | Reached XP level 1. HP: 18/18 MP: 0/0
   330 | D:1      | Reached XP level 2. HP: 10/23 MP: 0/0
   686 | D:1      | Found a faded altar of an unknown god.
   691 | D:1      | Prayed at the altar of an unknown god.
   691 | D:1      | Became a worshipper of Ru the Awakened
   718 | D:1      | Gained mutation: You sometimes lose the ability to drink
                  | potions when taking damage. [Ru sacrifice]
   718 | D:1      | Reached * piety under Ru
   754 | D:1      | You are sucked into a shaft and drop 1 floor!
   776 | D:3      | Found a broken altar of Ashenzari.
   776 | D:3      | Found a runed translucent door.
   790 | D:3      | Noticed kae's ghost (weakling DgFE)
   802 | D:3      | Noticed Jessica
   830 | D:2      | Reached XP level 3. HP: 27/29 MP: 0/0
   830 | D:2      | Learned a level 1 spell: Beastly Appendage
   923 | D:2      | Reached skill level 1 in Dodging
  1050 | D:2      | HP: 5/29 [worm (8)]
  1412 | D:2      | Reached skill level 2 in Shields
  1608 | D:2      | Reached XP level 4. HP: 25/34 MP: 0/0
  1797 | D:2      | Reached skill level 3 in Fighting
  1962 | D:2      | Reached skill level 2 in Spellcasting
  2173 | D:3      | Noticed Natasha
  2247 | D:3      | Reached XP level 5. HP: 29/40 MP: 0/0
  2247 | D:3      | Learned a level 2 spell: Passwall
  2502 | D:3      | Killed Jessica
  2687 | D:3      | Reached skill level 3 in Shields
  2688 | D:3      | Found Xamuj's Antique Armour Shop.
  2695 | D:3      | Bought a glowing leather armour for 80 gold pieces
  2837 | D:4      | Noticed a lemure
  2837 | D:4      | Noticed a lemure
  2837 | D:4      | Noticed a lemure
  2837 | D:4      | Found a sacrificial altar of Ru.
  2838 | D:4      | mhh
  2838 | D:4      | Noticed Pikel
  3047 | D:3      | Found an iron altar of Okawaru.
  3215 | D:4      | Found a hide-covered altar of Uskayaw.
  3489 | D:5      | Entered Level 5 of the Dungeon
  3515 | D:5      | Noticed an ogre
  3547 | D:5      | Noticed a black bear
  3595 | D:5      | Gained mutation: You cannot study or use magical devices.
                  | [Ru sacrifice]
  3595 | D:5      | Reached ** piety under Ru
  3595 | D:5      | Reached *** piety under Ru
  3641 | D:5      | Found a sand-covered staircase.
  3646 | Ossuary  | Entered an ossuary
  3646 | Ossuary  | Noticed a wraith
  3646 | Ossuary  | Noticed a wraith
  3646 | Ossuary  | Noticed a wraith
  3650 | Ossuary  | uh
  3650 | Ossuary  | chaos from brand weapon
  3650 | Ossuary  | nooo, i don't think i want that
  3768 | Ossuary  | and now it's venom
  3768 | Ossuary  | literally two worst brands i could get
  3768 | Ossuary  | no wait, pain would be worse than venom
  3853 | Ossuary  | Reached XP level 6. HP: 46/46 MP: 0/0
  3897 | Ossuary  | Noticed a wraith
  3905 | Ossuary  | i don't think i can beat him :/
  3917 | Ossuary  | Killed a wraith
  3918 | Ossuary  | Reached skill level 1 in Long Blades
  3918 | Ossuary  | Reached skill level 2 in Dodging
  3987 | D:5      | Reached skill level 2 in Long Blades
  3987 | D:5      | Reached XP level 7. HP: 50/51 MP: 0/0
  3987 | D:5      | Learned a level 3 spell: Inner Flame
  3987 | D:5      | inner flame, huh
  4068 | D:5      | Reached skill level 4 in Fighting
  4418 | D:5      | Reached skill level 3 in Long Blades
  4418 | D:5      | Reached skill level 4 in Shields
  4784 | D:5      | Reached XP level 8. HP: 38/58 MP: 0/0
  4840 | D:3      | Bought a fine scale mail for 144 gold pieces
  4840 | D:3      | Identified the +2 scale mail of Sybbyxer {rN+ Str+2 Slay-2}
                  | (You bought it in a shop on level 3 of the Dungeon)
  4862 | D:3      | no thanks
  5158 | D:6      | Found a glowing golden altar of the Shining One.
  5183 | D:6      | Reached skill level 3 in Spellcasting
  5271 | D:6      | Reached skill level 5 in Fighting
  5339 | D:6      | Reached skill level 4 in Long Blades
  5631 | D:7      | Noticed Joseph
  5704 | D:7      | Found a flagged portal.
  5922 | Bailey   | Entered a bailey
  5933 | Bailey   | no way
  5969 | D:7      | Found a glowing silver altar of Zin.
  6037 | D:7      | Reached skill level 3 in Dodging
  6317 | D:7      | Found a staircase to the Ecumenical Temple.
  6438 | D:7      | Gained mutation: You are hated by all. [Ru sacrifice]
  6438 | D:7      | Reached **** piety under Ru
  6558 | D:8      | Reached skill level 6 in Fighting
  6573 | D:8      | Reached XP level 9. HP: 47/66 MP: 0/0
  6573 | D:8      | Learned a level 3 spell: Summon Guardian Golem
  6805 | D:8      | Reached skill level 5 in Long Blades
  6809 | D:8      | Reached skill level 1 in Throwing
  6901 | D:8      | Reached skill level 4 in Dodging
  6907 | D:9      | Noticed Erolcha
  6910 | D:8      | oh boy
  7104 | D:9      | Reached skill level 2 in Throwing
  7137 | D:9      | right behind the corner
  7137 | D:9      | why is ru good again? :d
  7161 | D:9      | Identified the +2 leather armour of Restlessness {rC-
                  | Str+6}
  7162 | D:9      | >rc-
  7434 | D:9      | Noticed a kobold demonologist
  7445 | D:9      | Noticed a smoke demon
  7446 | D:9      | Killed a kobold demonologist
  7447 | D:9      | Reached skill level 6 in Long Blades
  7447 | D:9      | Reached skill level 3 in Throwing
  7786 | D:10     | Entered Level 10 of the Dungeon
  7813 | D:9      | Reached skill level 5 in Dodging
  7918 | D:10     | Noticed a troll
  7938 | D:9      | Reached XP level 10. HP: 59/73 MP: 0/0
  8182 | D:10     | Found a burning altar of Makhleb.
  8257 | D:10     | Found an opulent altar of Gozag.
  8289 | D:10     | Noticed a cyclops
  8327 | D:10     | Killed a cyclops
  8328 | D:10     | Reached skill level 7 in Long Blades
  8363 | D:10     | Noticed a boulder beetle
  8364 | D:10     | fuuuuck
  8383 | D:10     | Killed a boulder beetle
  8384 | D:10     | Reached skill level 7 in Fighting
  8384 | D:10     | Reached skill level 4 in Throwing
  8647 | D:10     | Reached skill level 4 in Spellcasting
  8860 | D:10     | Found a snail-covered altar of Cheibriados.
  8897 | D:11     | Noticed Sonja
  8898 | D:11     | oh yes
  8898 | D:11     | sonja with no evo
  8898 | D:11     | xd
  8899 | D:11     | eagerly awaiting nessos
  8925 | D:11     | Noticed Lodul
  8925 | D:11     | Noticed a two-headed ogre
  8925 | D:11     | Noticed a two-headed ogre
  8925 | D:11     | Noticed a two-headed ogre
  8925 | D:11     | Noticed a two-headed ogre
  8925 | D:11     | Noticed a two-headed ogre
  8925 | D:11     | Noticed a two-headed ogre
  8925 | D:11     | Noticed a two-headed ogre
  8926 | D:11     | XD
  8933 | D:10     | if there's no lair on earlier levels, i might as well just
                  | quit xd
  9003 | D:10     | Reached skill level 8 in Long Blades
  9303 | D:10     | Found a staircase to the Lair.
  9306 | D:10     | ohh
  9306 | D:10     | motherfucker
  9309 | Lair:1   | Entered Level 1 of the Lair of Beasts
  9347 | Lair:1   | Reached XP level 11. HP: 31/79 MP: 0/0
  9347 | Lair:1   | Learned a level 4 spell: Passage of Golubria
  9347 | Lair:1   | nice utility spells
  9356 | Lair:1   | HP: 14/79 [blink frog (11)]
  9360 | Lair:1   | Reached skill level 5 in Spellcasting
 10210 | Lair:1   | Gained mutation: Potions are less effective at restoring
                  | your health. [Ru sacrifice]
 10210 | Lair:1   | Reached ***** piety under Ru
 10251 | Lair:1   | Reached skill level 9 in Long Blades
 10251 | Lair:1   | Reached skill level 6 in Dodging
 10261 | Lair:1   | Reached skill level 8 in Fighting
 10789 | D:10     | Reached skill level 6 in Spellcasting
 11072 | D:3      | Bought a faintly glowing tower shield for 152 gold pieces
 11072 | D:3      | Identified the +0 tower shield of the Shrieking God {*Slow
                  | rF+ Dex+2} (You bought it in a shop on level 3 of the
                  | Dungeon)
 11072 | D:3      | Bought a helmet for 72 gold pieces
 11082 | D:3      | amazing stuff
 11105 | D:3      | Killed kae's ghost
 11380 | D:5      | Noticed Duvessa
 11380 | D:5      | Noticed Dowan
 11393 | D:5      | Killed Duvessa
 11516 | D:5      | Killed Dowan
 11861 | D:7      | Killed Joseph
 11879 | D:7      | HP: 15/81 [ice beast (16)]
 12866 | Lair:1   | Reached skill level 10 in Long Blades
 12866 | Lair:1   | Reached skill level 7 in Dodging
 13055 | Lair:1   | Reached XP level 12. HP: 74/86 MP: 0/0
 13093 | Lair:1   | Noticed a seven-headed hydra
 13171 | Lair:1   | nice
 13367 | Lair:2   | Found a staircase to the Shoals.
 14356 | Lair:2   | Reached skill level 8 in Dodging
 14515 | Lair:3   | Found a shimmering altar of Xom.
 14541 | Lair:2   | Reached skill level 11 in Long Blades
 14585 | Lair:3   | Reached skill level 7 in Spellcasting
 14695 | Lair:3   | Gained mutation: You are somewhat inexperienced. (-2 XL)
                  | [Ru sacrifice]
 14695 | Lair:3   | Reached XP level 11. HP: 81/81 MP: 0/0
 14695 | Lair:3   | Reached XP level 10. HP: 76/76 MP: 0/0
 14695 | Lair:3   | Reached ****** piety under Ru
 14710 | Lair:3   | Found a dark tunnel.
 14718 | Volcano  | Entered a volcano
 15147 | Volcano  | Noticed a hell hog
 15153 | Volcano  | Killed a hell hog
 15187 | Volcano  | Found a burning altar of Makhleb.
 15284 | Volcano  | Noticed a fire crab
 15286 | Volcano  | hmmmmmmmmmmmmmmmmmmmmmmmmmmmmmmmmmm
 15503 | Volcano  | Killed a fire crab
 15505 | Volcano  | it's funny that ozo armor doesn't melt in fire clouds
 15515 | Volcano  | flaming exec axe
 15555 | Lair:3   | Noticed a five-headed hydra
 15564 | Lair:3   | Killed a five-headed hydra
 15565 | Lair:3   | Reached XP level 11. HP: 48/76 MP: 0/0
 15565 | Lair:3   | i'm losing 6 hp for apocalypsing a single hydra
 15720 | Lair:3   | Noticed a six-headed hydra
 15758 | Lair:3   | Noticed a five-headed hydra
 15761 | Lair:3   | Killed a six-headed hydra
 15762 | Lair:3   | Reached skill level 9 in Fighting
 15762 | Lair:3   | Reached skill level 12 in Long Blades
 15762 | Lair:3   | Reached skill level 9 in Dodging
 15763 | Lair:3   | Killed a five-headed hydra
 15764 | Lair:3   | i mean if i'm going to apocalypse them, i might as well
                  | gather some more first right
 15820 | Lair:2   | HP: 13/84 [komodo dragon (24)]
 16429 | Lair:3   | HP: 14/84 [elephant (11)]
 17362 | Lair:3   | Found a staircase to the Snake Pit.
 17435 | Lair:3   | Reached skill level 8 in Spellcasting
 17917 | Lair:4   | Found a gate leading to a gauntlet.
 17993 | Gauntlet | Entered a Gauntlet
 17993 | Gauntlet | Found a transporter.
 17993 | Gauntlet | Found a transporter.
 17994 | Gauntlet | is there even a chance for me to do this?
 17994 | Gauntlet | i guess just apocalypse everything down
 17998 | Gauntlet | Found a transporter.
 17998 | Gauntlet | Found a transporter.
 18005 | Gauntlet | Found a transporter.
 18043 | Gauntlet | Found a transporter.
 18058 | Gauntlet | Found a transporter.
 18072 | Gauntlet | Found a transporter.
 18086 | Gauntlet | Found a transporter.
 18104 | Gauntlet | Found a transporter.
 18104 | Gauntlet | Noticed a reaper
 18184 | Gauntlet | Found a transporter.
 18187 | Gauntlet | Found a transporter.
 18189 | Gauntlet | Noticed a dire elephant
 18193 | Gauntlet | Found a transporter.
 18197 | Gauntlet | Found a transporter.
 18274 | Gauntlet | Found a transporter.
 18295 | Gauntlet | Found a transporter.
 18358 | Gauntlet | Reached skill level 13 in Long Blades
 18698 | Gauntlet | HP: 5/80 [purple ugly thing (14)]
 18864 | Gauntlet | Identified the ring "Fitobloa" {Fly Will+ Dex+4}
 18905 | Gauntlet | Killed a reaper
 18906 | Gauntlet | Reached skill level 10 in Fighting
 18913 | Gauntlet | Identified the ring of Xirpharu {rF+ Str+6 Dex-2}
 18915 | Gauntlet | :/
 18916 | Gauntlet | this actively gimps me bt
 18916 | Gauntlet | btw
 18987 | Gauntlet | Noticed a minotaur
 18995 | Gauntlet | Killed a minotaur
 18996 | Gauntlet | Reached XP level 12. HP: 59/74 MP: 0/0
 19094 | Lair:4   | 17 hp drain :)
 19111 | Lair:4   | Found a runed translucent door.
 19112 | Lair:4   | Noticed Mopsi's ghost (journeyman DsBe)
 19949 | Lair:5   | Reached skill level 10 in Dodging
 20017 | Lair:5   | Found a staircase to the Slime Pits.
 20593 | Slime:1  | Entered Level 1 of the Pits of Slime
 20594 | Slime:1  | jesus christ wrong stairs
 20594 | Slime:1  | XD
 20639 | Lair:6   | Entered Level 6 of the Lair of Beasts
 20708 | Lair:6   | Identified a scroll of acquirement
 20718 | Lair:6   | Acquired a manual of Fighting
 20720 | Lair:6   | the other option was a +2 triple sword of venom
 20720 | Lair:6   | but I think I want a shield
 21112 | Lair:6   | HP: 10/80 [cloud of flame (3)]
 21664 | Lair:6   | Reached skill level 11 in Fighting
 21748 | Lair:6   | Reached skill level 5 in Throwing
 22161 | Lair:5   | Reached skill level 9 in Spellcasting
 22387 | D:10     | Reached XP level 13. HP: 41/100 MP: 0/0
 22387 | D:10     | Learned a level 5 spell: Summon Forest
 22656 | D:11     | Killed Lodul
 22657 | D:11     | Reached skill level 11 in Dodging
 22850 | D:11     | and of course i get summoning spells
 22850 | D:11     | because i sacrificed love
 22850 | D:11     | thanks
 22909 | D:11     | NOT HTIS
 22909 | D:11     | they are on the same fucking timer aaaaaaaaaaaaaaa
 22913 | D:11     | Noticed Grum
 22929 | D:11     | Killed Grum
 22929 | D:11     | Killed Sonja
 22930 | D:11     | Reached skill level 12 in Fighting
 22930 | D:11     | MOTHERFUCKERS
 23283 | D:11     | Found a staircase to the Orcish Mines.
 23429 | D:11     | Reached skill level 6 in Throwing
 23779 | D:12     | >ice cave
 23779 | D:12     | noooooooope
 23920 | D:12     | Found a runed translucent gate.
 23922 | D:12     | Noticed Ajdolov's ghost (journeyman TeHu)
 23937 | D:12     | Found a runed translucent gate.
 23938 | D:12     | Found a runed translucent gate.
 23940 | D:12     | Identified the +5 chain mail "Ytewkoyn" {*Slow rC+ Int+7
                  | Stlth+}
 23985 | D:12     | how the FUCK
 23985 | D:12     | do you have +++++++++ EV rating at this point
 23985 | D:12     | >96% to evade
 23985 | D:12     | dude
 24216 | Orc:1    | Entered Level 1 of the Orcish Mines
 24275 | Orc:2    | Entered Level 2 of the Orcish Mines
 24509 | Orc:2    | Reached skill level 13 in Fighting
 24512 | Orc:2    | Found a runed translucent door.
 24512 | Orc:2    | Found a shimmering altar of Xom.
 24512 | Orc:2    | Noticed Zearer's ghost (journeyman DsGl)
 24588 | Orc:2    | Found Wahujujo's Assorted Antiques.
 24594 | Orc:2    | Found a staircase to the Elven Halls.
 24611 | Orc:2    | Noticed Rupert
 24911 | Orc:1    | Found Huogas's Jewellery Shop.
 24998 | Orc:1    | Noticed an orc warlord
 25027 | Orc:1    | Killed an orc warlord
 25225 | Orc:1    | Reached skill level 12 in Dodging
 25567 | Orc:2    | Noticed an orc warlord
 25798 | Orc:2    | Noticed Urug
 25805 | Orc:2    | Reached skill level 7 in Throwing
 25806 | Orc:2    | Killed Urug
 25807 | Orc:2    | Reached skill level 10 in Spellcasting
 25814 | Orc:2    | Killed an orc warlord
 25928 | Orc:2    | Found Avosugho's General Store.
 25953 | Orc:2    | Found Tawogaix's Antique Weapon Emporium.
 25982 | Orc:2    | Found Kidud's Jewellery Emporium.
 25998 | Orc:2    | Found Feal's Antique Armour Emporium.
 26033 | Orc:2    | Killed Rupert
 26062 | Orc:2    | Bought an amulet of regeneration for 330 gold pieces
 26387 | D:13     | Reached XP level 14. HP: 83/97 MP: 0/0
 26673 | D:13     | Reached skill level 14 in Fighting
 27024 | Orc:2    | Bought a vibrating golden ring for 145 gold pieces
 27024 | Orc:2    | Identified the ring of the Quiescent Eggfruit {rC+ Str+2
                  | SInv} (You bought it in a shop on level 2 of the Orcish
                  | Mines)
 27024 | Orc:2    | Bought a scroll of acquirement for 1508 gold pieces
 27033 | Orc:2    | Acquired 546 gold pieces
 27035 | Orc:2    | these acquirements are unreal sometimes
 27068 | Orc:2    | Bought a scroll of teleportation for 48 gold pieces
 27068 | Orc:2    | Bought a scroll of magic mapping for 56 gold pieces
 27068 | Orc:2    | Bought a potion of heal wounds for 80 gold pieces
 27104 | Orc:2    | Bought a scroll of fog for 58 gold pieces
 27417 | D:15     | Entered Level 15 of the Dungeon
 27619 | D:14     | HP: 14/102 [meliai/+2 hand axe of venom[a boggart] (12)]
 27698 | D:14     | Found a gate to the Vaults.
 27757 | D:14     | Noticed Azrael
 27768 | D:14     | Ouch! That really hurt!
 27771 | D:14     | Killed Azrael
 27801 | D:14     | Reached skill level 13 in Dodging
 27962 | D:14     | Noticed Snorg
 27979 | D:14     | Killed Snorg
 27980 | D:14     | Reached skill level 8 in Throwing
 28003 | D:14     | HP: 1/96 [very large slime creature (25)]
 28004 | D:14     | Mangled by a skeletal warrior

Illustrated notes #.#. #.#.### .......## ........## .........# .......!.####.. ..........._..# 55.....@.# ..5...>........ ...........#### .#.....#..... ###... ....#.# .... ###...# ..... ##.o ...... ## Turn 2838 on D:4: mhh ##+++## ##.....## ####...@...### #W▓...∩.∩...▓W# ####.......#### ##.....## ##...## ##▓## #W# ### Turn 3650 on Ossuary: uh #+++# ####...#### #..@...'..# #..#...#..# ####...#### #...# #...# #...# #...# #...# ##'''## Turn 3768 on Ossuary: and now it's venom .∩.....................∩.# .......#####+#####.......# ......##.. ....##......# .....## ..#####...##.....# ....## .##...##...##....# ....#. ##.?!!.##...#....# ....+.. #..!???.#...'....# ....#...##.???W##...#....# ....##...##...##@..##....# .....##...##+##...##.....# ......##.........##......# .......#####'#####.......# .∩.....................∩.# .........................# ###########'''###### ####...#### #..'...'..# Turn 3905 on Ossuary: i don't think i can beat him :/ ##########.##.# #..........#..## #............... #..######...##+# #..# #...#... #..# #...'... #..# #...#... ######..# #...#### #...@...# #....... #.........# #.###.#. # ..^#.#####.# #.###.#. #.# # # #.# #....... #.# #.# #####.## #.# #.# #.# #.# # #.# #.# ..##.# #.# #.# .....# ##########.##########.# Turn 3987 on D:5: inner flame, huh

...................#......[..##.#
.....###.....................##.#
....##⌠##...................)##.#
...##...##....#####..........#...
..##..!..##...# #..........#...
..+...♣..W#...# #.###.###..#...
..##..?..##..######.# #.# ##)#...
...##...##.....♣....###.###......
....##⌠##.......@................
.....###......♣∩♣........##.....#
...........###..##..###.######..#
#.#............♣........# #..#
#.#.##..............##### ##.#
......#########.....# #.#
#<#.###...#...####..# #.#
[....#.........###..###########.#
#.............._##....).........#


Turn 4862 on D:3: no thanks ..≈≈..≈.≈..≈≈..# o≈≈.≈≈≈.≈≈≈.≈≈.# o≈.≈≈.....≈≈.≈.#
≈≈o≈.≈≈≈≈≈.≈.≈≈o ≈.≈≈.≈...≈o≈≈.≈. ≈.≈.≈≈...≈≈.≈.≈. ≈.≈.≈.⌠∩⌠.≈.≈o≈.
≈.≈.≈..∩..≈.≈.≈. ≈.≈.≈.⌠@⌠.≈o≈.≈. ≈.≈.≈≈...≈≈.≈.≈. ≈.≈≈.≈...≈.≈≈.≈.
≈≈.≈.≈≈.≈≈.≈o≈≈. .≈.≈≈.≈.≈.≈≈.≈.. ....≈≈...≈≈..... .....≈≈≈≈≈......
≈≈≈.........≈≈≈≈ ##≈≈⌠$...$⌠≈≈### Turn 5933 on Bailey: no way .[...## #.##....
...... #... ##....# ##........# #...###... .....#### #.........# #..##.:.#
........## #...#.##..# ##........ #........# #...#.##.## #.........
#......#####.).......###......... ##........)..........##.<.##.....
#............>..o............#.. ##........5o##o@[.....#....##...
##............>............##.. ##........)#.#............###..
#(.........###............##... ...........#..#..................
..#..#.##..#..................... ...######.....##................. ##.
#####.###..#..........<.# # ## . .##..#.[..........# Turn 6910 on D:8: oh boy
≈≈≈≈≈≈≈ ≈≈≈≈≈≈≈ ≈≈≈≈≈≈≈ ≈≈≈≈≈≈≈ ≈≈≈≈≈≈≈ ≈≈≈≈≈≈≈ #########≈≈≈≈≈≈≈
#.......@....[.. #.......#l≈≈≈≈≈≈ ###.......#≈≈≈≈≈≈≈ #.........#≈≈≈≈≈≈≈
#.........#≈≈≈≈≈≈≈ #.....#####≈≈≈≈≈≈≈ #.....# ≈≈≈≈≈≈≈ ####'### ≈≈≈≈≈≈≈ #....#
Turn 7137 on D:9: right behind the corner #≈≈≈≈≈≈≈≈.... #≈≈≈≈≈≈≈≈...o
#≈≈≈≈≈≈≈≈...≈ #≈≈≈≈≈≈≈≈≈≈≈≈ #≈≈≈≈≈≈≈≈≈≈≈≈ #≈≈≈≈≈≈≈≈≈≈≈≈ #########≈≈≈≈≈≈≈≈≈≈≈≈
#............@......≈ #.......#†≈≈≈≈≈≈≈≈≈.≈ ###.......#≈≈≈≈≈≈≈≈≈≈.≈ ≈
#.........#≈≈≈≈≈≈≈≈≈≈.≈ ≈≈ #.........#≈≈≈≈≈≈≈≈≈≈.≈ ≈≈ #.....#####≈≈≈≈≈≈≈≈≈≈.≈ ..
#.....# #≈≈≈≈≈≈≈≈≈≈.≈ .. ####'### #≈≈≈≈≈≈≈≈≈≈.≈ .. #....# ≈≈ Turn 7162 on D:9:
>rc- ...........# ......B...# ..?........ .......... #......... ##..........
#............ ##..@......... ##.............. #.....##.........
#....###.#......# #..##...........# #..###...(...(...# #..# #............#
##..##..((..)....# # #...)....)....## Turn 8364 on D:10: fuuuuck ############
...........# .......@..<# K#....###### #### Turn 8898 on D:11: oh yes
############ ...........# ........@.<# K#....###### #### Turn 8899 on D:11:
eagerly awaiting nessos #. #### #... .....#####...# #........## #..@.....#
.......##.<>... ..O..O. #.##. ......O # ..OO... ...O..O .....). .OO...O Turn
8926 on D:11: XD ..###.#### #.......# .........## ##.......# ......._..#
#........# #####.....# ##.>.....## # #......# #....<..## # ##....### ##.......##
#.......####.........## ##........##...........# #......<.......@............#
#.....(.#...................## .....###...../...#######...## ....# #....#.....#
#### ...###...###.....# ...##...## ##....# ...#..[# ##...## ......# ##...#
.....## #...# # Turn 8933 on D:10: if there's no lair on earlier levels, i might
as well just quit xd ## ##..... # #..#### #..# #..# #.## ############.##
#.............# #.###########..# #@# ##.# #.# #.# #># ## ### Turn 9306 on D:10:
ohh #.... #.... #.... #.... #F... ... #'##### #...#@# ###.F## ####F.## #....F.##
##.......# #.......## ##......# #.†....## #.. ##.......#..... Turn 9347 on
Lair:1: nice utility spells ......###.....................##.
.....##⌠##...................)##. ....##...##....#####..........#..
...##..!..##...# #..........#.. ...+...♣..W#...# #.###.###..#..
...##..?..##..######.# #.# ##)#.. ....##...##.....♣.[..###.###.....
.....##⌠##.......[............... ......###......♣@♣........##.....
............###..##..###.######.. ##.#............♣........# #..
##.#.##..............##### ##. .......#########.....# #. ##<#.###...#...####..#
#. .[....#.........###..###########. ##.............._##....).........
#...##.......[.##...########...) Turn 11082 on D:3: amazing stuff ### #######
#.###### ....... ##......# ......$ ###.+.....## ....... ##P..#......#
....>..##...##.....## ..........####.....# # .......#.## #[....##### .......@.#
#.....#.##. .......+.# #....†'.... .......### #.....P##P# +###### #.....#####
##P.+## ##.. #.. #.# #####.####### Turn 13171 on Lair:1: nice #.# ###..##
########'## #### ##....##...# #.....†'.∩.+ #.8..⌠)#...# #......##'##
##....##...# ###8###...###8# ##).[#._@+)!t# #.!..'...#$$$.# #######.## #### ###
Turn 15286 on Volcano: hmmmmmmmmmmmmmmmmmmmmmmmmmmmmmmmmmm #.# ###..##
########'######## ##....##...##....## #.....÷'.∩.'......# #.8..⌠)#...#.⌠..8.#
#......##'##......# ##....##...##....## ###8###...###8### ##...#._.@)![#
#.!..'...#$$$.# #######.####### ### Turn 15505 on Volcano: it's funny that ozo
armor doesn't melt in fire clouds #.# ###..## ########'########
##....##...##....## #.....÷'.∩.'......# #.8..⌠)#...#.⌠..8.# #......##'##......#
##....##...##....## ###8###...###8### ##...#._.†@.[## #.!..'...#....#
#######.####### ### Turn 15515 on Volcano: flaming exec axe
.PP.......##............8.<.8#.l. ..........##.#...............#...
..........#..#..##P.#.###....#..} ..........##..#.P###.. #.#+.#....
.##..#....##...P.....##......###. .#..#.#..###.......#.#..........#
..................#.....####.... .................##..#.##.. .#.#.
.##..#####......@...#...... ...# ##...######....#........8..
#...###.###.<.#..+........> #...#≈≈.≈§#..#####..#...8. #...#§≈.§≈#... #.........
#...#≈≈.§§#..#. ##....#... #...##≈.≈##..... ##....# ##...#...# ...... #.......#
#.##... Turn 15565 on Lair:3: i'm losing 6 hp for apocalypsing a single hydra
.............# ... #....#....##.# .....# ##....#.#..... .....# .#...........##
.....# #.#.##.....##.## #.....# ######.#..##...##.....# ##.................##
####.<........†........# ..............).@)...... ........^.............N.
....................)... #....................... ...##P..................
....##....##.#####..†..# ....##....#### ....#N ....##.....# ...†# .....P....#.#
Turn 15764 on Lair:3: i mean if i'm going to apocalypse them, i might as well
gather some more first right # ### # #8 #8# 8# ############### ......≈∩≈......
............... ######...###### ....x#...#..... .PP..#.@.#..... ..#.x#...#..^..
.PPP.#...#..... ©.P.x#©.©#..^.© .PPP.#...#..... ..#Px#...#..... . PP.#...#...^.
.x..#...#..... Turn 17994 on Gauntlet: is there even a chance for me to do this?
.....#.#...........≈...........#. .....#.###########...###########.
###..#.#.........#...#.......^.#. #8#..#.#...###...#...#.#^....#.#.
###..#.#....#...$#...#!.##.##..#. #..#.#.#..#..#.#...#!.##.# ..#.
###..#©#.######.©#...#©.#.©. .#© #8#..###.#.©#..#$#...#..##.## .##
###....#....#...@#...#Y.##.## #....#...###...#...#.#^...^
###..#..)......#...#Y...... #8#..###########...########
###........#©#...§.§.#©#... #≈.......#.#..≈∩≈..#.#... ##########.#########.####
#8# ≈...............≈# ### 8.8.8.8.8.8.8.8.8# Turn 18915 on Gauntlet: :/
.....#.#...........≈...........#. .....#.###########...###########.
###..#.#.........#...#.......^.#. #8#..#.#...###...#...#.#^....#.#.
###..#.#....#...$#...#!.##.##..#. #..#.#.#..#..#.#...#!.##.# ..#.
###..#©#.######.©#...#©.#.©. .#© #8#..###.#.©#..#$#...#..##.## .##
###....#....#...@#...#Y.##.## #....#...###...#...#.#^...^
###..#..)......#...#Y...... #8#..###########§..########
###........#©#....§§.#©#... #≈.......#.#..§∩≈..#.#... ##########.#########.####
#8# ≈...............≈# ### 8.8.8.8.8.8.8.8.8# Turn 18916 on Gauntlet: this
actively gimps me bt ##....#†#.......#(...#### ##.P..##.......###...#..
###..##.......#.#####.. #...###............... ##.P##P.....#.####..##
#.####......## ##.P, ##.P#.......## #... #...##.#.>##.# ##.l #..##@.##.#*## *,..
#..#.#.###..* ***.. ##..÷###*##.#*****,,#P #...#.#.#,##*,,,*,*,,
#....#.#..#**,,,*,,,, #.P|#......,*,,,*,,,, #.P∩.#.###.,**+***,** #.P.####
****,,,**** #.#.# **,,,** Turn 19094 on Lair:4: 17 hp drain :) ### ##.##
..##.#...#.## .......@....# ...........## ..........## ......#...# ...........
..........#. ..... ..#.#.. ........... .# Turn 20594 on Slime:1: jesus christ
wrong stairs ## #. . ##.### . ....# .# #.. #.##...##.# ##..####.#...P#..## .
#.#...##......#...## . ##...........@......# . #P.. ..P..#P...P#####
.###..##.#...##....# .P.##...##P.# #...## .P....<.....###....#
.P....P..#####....## ....#...#####....## .P##....##.##....P# !.###............P#
Turn 20720 on Lair:6: the other option was a +2 triple sword of venom
#...........# ###...#.....# #.........# #.####...## #. ##...### # #.#...######
#..##......# ##.........# ######@...# #..).# #....# ###### Turn 22850 on D:11:
and of course i get summoning spells .............. ............... ...#
............## ....# .............# .... .........#.#K##..# .......).........#
..........##....# .......o....D.#.############# #####.###g.To@..............#
#.# ######.............<# ## #....#....###### #### ##.#.###### #..## #.#.####
##..###......# ##..........# ######.......# #............# Turn 22909 on D:11:
NOT HTIS ..##..<)))..#####.. .......##)<>.......# ..>....).(#(##.##..########
.......))#.(# ............# ...$....÷..## #.........#.# .........)$####....#
...... .....)...#...))....##...... .........#....#....#.......
..........@...#.##......... ...........†.[)?...######## ............###.)..###
.............##......# .........#.#.##..##### .......).......g.#
..........##....## ..............#.########### #####.###.................. Turn
22930 on D:11: MOTHERFUCKERS .................# #..............#
#..............# #.....[........+ ##.........>...# #.........##### #........##
#######..# ######@## #.......# #.......# #.......# #.......## #/.......#
#........# +........# ## #........# #.# Turn 23779 on D:12: >ice cave
....'...########8......# ....###.#8.....#.......# ....# ###..##..#..)....# ....#
..8#..#..###### ##### ..##.o#..# )# =..o#o#..# (#### [.oo#o+..## ....#
_.8o#o+...### ....# [...#o+@....# ....# )...#W#.....# ....# ..##oo#.....#
....#####..8#..#.....# ....#...#..##..#.....# ....'.###8.....#.....# >...###
#######8.#.## ##### ####.# # #.# Turn 23985 on D:12: how the FUCK .## ###...###
..## ##.....####### ...# ## ##.......##.#.## #.∩# #.##.......#......# ####
....#..........#.## .#### ##..........#......# ..#.###...........##.....# .....#
#...#.....#.#....## .#....#.#.##.#..@....∩...# .........................#
.#.##...#.##.............# .####...................## ## #..................##
###.......>.........# #..#.............## ..................#
##.##..............# Turn 27035 on Orc:2: these acquirements are unreal
sometimes

Levels and vault maps discovered:
D:1:      minmay_arrival_five_plusses, layout_basic,
          hellmonk_ecumenical_altar_heavens_door
D:2:      layout_basic, hex_large, minmay_tetromino_s4
D:3:      layout_basic, ashenzari_altar_1, marbit_many_paths,
          hellmonk_ghost_happy_afterlife, serial_shops, nicolae_shop_trees,
          columned_hall_lemuel, uniq_jessica, uniq_natasha
D:4:      layout_rooms, nicolae_uskayaw_dance_hall, overflow_temple_1_default,
          uniq_pikel
D:5:      lemuel_ratsnest, layout_loops_ring, enter_ossuary_2, uniq_duvessa
D:6:      layout_basic, kennysheep_mini, minmay_mini_ossuary
D:7:      layout_loops_ring, kennysheep_little_box, minmay_temple_entry_wispy,
          enter_bailey_4, minmay_misc_feat_nine_boxes, uniq_joseph
D:8:      layout_cave_pools
D:9:      layout_basic, uniq_erolcha
D:10:     layout_layer_cave, grunt_gozag_statues, bloody_makhleb,
          lemuel_tele_altar, lair_entry_dummy, minmay_sticks_and_stones
D:11:     layout_rooms, erik_orc_3, uniq_lodul, uniq_sonja, uniq_grum
D:12:     layout_roguey, biasface_ghost_orc_armoury,
          portal_ice_cave_entry_animals_and_master
D:13:     layout_basic, grunt_tough_drop
D:14:     layout_basic, david_vaults_4, chequers_big_river, uniq_azrael,
          uniq_snorg
D:15:     grunt_enter_depths_magical_seal, layout_cave_pools,
          minmay_misc_feat_rows, st_stairs_5, tso_metal_star
Lair:1:   layout_roguey, grunt_megastairs_3
Lair:2:   layout_chaotic_city, minmay_shoals_entry_beasts,
          amcnicky_mini_pool_medium, infiniplex_staircase_pool
Lair:3:   layout_regular_city, minmay_snake_entry_guardpost_large,
          lightli_volcano_entry_magma_tube, lemuel_oklob_altar,
          grunt_megastairs_2
Lair:4:   layout_loops_ring, gauntlet_entry_generic, ebering_ghost_inner_flame,
          minivault_23, beast_lair_carwin_7, lemuel_fruit_tree
Lair:5:   layout_roguey, slime_dummy
Lair:6:   minmay_lair_end_enchanted_forest, layout_loops_ring, wad_woods_03,
          serial_bayou_shore_b
Slime:1:  layout_caves
Orc:1:    layout_diamond_mine, serial_shops, shop, minmay_orc_temple_c
Orc:2:    grunt_orc_cross, layout_caves, serial_shops, shop, ebering_ghost_xom,
          abandoned_shop, mines1_david, uniq_rupert

Skill      XL: |  1  2  3  4  5  6  7  8  9 10 11 12 13 14 |
---------------+-------------------------------------------+-----
Dodging        | 1 2 3 5 9 10 12 13 | 13.1
Shields        | 2 3 4 |  4.0
Fighting       | 3 4 6 7 10 11 13 14 | 14.9
Spellcasting   | 2 3 4 8 9 10 | 10.6
Long Blades    | 2 3 4 6 8 13 11 | 13.9
Throwing       | 3 4 5 7 8 |  8.1
Short Blades   | |  0.9
Stealth        | |  1.0
Unarmed Combat | |  4.0

Action                   |  1- 3 |  4- 6 |  7- 9 | 10-12 | 13-15 || total
-------------------------+-------+-------+-------+-------+-------++-------
Melee: Dagger            |    62 |     2 |       |       |       ||    64
       Short sword       |       |    80 |       |       |       ||    80
       Long sword        |       |    26 |   277 |   734 |       ||  1037
       Scimitar          |       |       |       |   677 |   998 ||  1675
       Flail             |       |       |       |     1 |    29 ||    30
 Fire: Hunting sling     |   106 |   216 |    17 |       |       ||   339
Throw: Boomerang         |       |       |     2 |    95 |    54 ||   151
       Dart              |       |       |       |     9 |     1 ||    10
       Javelin           |       |       |       |     3 |     2 ||     5
 Cast: Freeze            |       |       |     2 |     2 |       ||     4
       Ozocubu's Armour  |       |       |       |    80 |    76 ||   156
       Inner Flame       |       |       |       |     5 |       ||     5
       Passage of Golubr |       |       |       |     2 |       ||     2
Invok: Sacrifice Drink   |     1 |       |       |       |       ||     1
       Sacrifice Artific |       |     1 |       |       |       ||     1
       Draw Out Power    |       |     1 |     4 |    10 |     1 ||    16
       Sacrifice Love    |       |       |     1 |       |       ||     1
       Apocalypse        |       |       |       |    10 |     7 ||    17
       Sacrifice Experie |       |       |       |     1 |       ||     1
       Power Leap        |       |       |       |     4 |       ||     4
       Sacrifice Purity  |       |       |       |     1 |       ||     1
  Use: Potion            |     1 |     1 |     1 |     4 |     3 ||    10
       Scroll            |     3 |    13 |     3 |    25 |     3 ||    47
 Stab: Distracted        |     1 |       |       |     3 |     5 ||     9
       Invisible         |       |     1 |       |    17 |     3 ||    21
       Sleeping          |       |       |     1 |     1 |       ||     2
       Paralysed         |       |       |       |    17 |    12 ||    29
Armor: Leather armour    |    28 |    52 |    65 |    55 |       ||   200
       Robe              |       |       |       |   177 |     6 ||   183
       Troll leather arm |       |       |       |       |   200 ||   200
Dodge: Dodged            |    53 |    88 |   191 |   820 |   695 ||  1847
Block: Buckler           |    21 |    49 |    86 |   244 |   221 ||   621

Table legend: (Time is in decaauts)
 A = Elapsed time spent in this place.
 B = Non-inter-level travel time spent in this place.
 C = Inter-level travel time spent in this place.
 D = Time resting spent in this place.
 E = Time spent auto-exploring this place.
 F = Levels seen in this place.
 G = Mean time per level.
                   A        B        C        D        E       F      G
               +--------+--------+--------+--------+--------+-----+--------+
         Total |  27998 |  25963 |   2035 |   9058 |      0 |  28 |  999.9 |
       Dungeon |  15150 |  13537 |   1613 |   4123 |      0 |  15 | 1010.0 |
          Lair |   8582 |   8327 |    255 |   3937 |      0 |   6 | 1430.3 |
    Slime Pits |      1 |      1 |      0 |      0 |      0 |   1 |    1.0 |
  Orcish Mines |   2027 |   1861 |    166 |     85 |      0 |   2 | 1013.5 |
       Ossuary |    346 |    346 |      0 |      0 |      0 |   1 |  346.0 |
        Bailey |     11 |     11 |      0 |      0 |      0 |   1 |   11.0 |
       Volcano |    796 |    796 |      0 |    389 |      0 |   1 |  796.0 |
      Gauntlet |   1080 |   1080 |      0 |    524 |      0 |   1 | 1080.0 |
               +--------+--------+--------+--------+--------+-----+--------+

Top non-repeatable levels by time:
    D:10: 2702 daAuts
  Lair:1: 2003 daAuts
  Lair:3: 1658 daAuts
  Lair:2: 1491 daAuts
   Orc:2: 1452 daAuts
  Lair:6: 1447 daAuts
     D:3: 1300 daAuts
     D:5: 1289 daAuts
     D:7: 1228 daAuts
     D:9: 1130 daAuts
     D:1: 1127 daAuts
  Lair:4: 1083 daAuts
Gauntlet: 1080 daAuts
     D:6: 1029 daAuts
     D:2: 1020 daAuts
